AoeStats
← dark_29

Arena

510356054Analyzed
1v1 RM · 2d ago on Sep 30, 2026· 45m 24s· 2 players
Game mode
Random Map
Map size
Tiny (2 player)
Population
200
Speed
Normal
Resources
Standard
Victory
Conquest
Starting age
Dark Age
Ending age
Imperial Age
RankedLock teamsTeams togetherTeam positionsShared explorationLock speedFull tech treeHidden civsTurbo modeCheats
Victory
Defeat
🇹🇷 Turks · Türkiye
837
+16
🇫🇷 Persians · France
830
-16
dark_29
0:26 Loom
10:31 Feudal Age
11:05 Horse Collar
11:26 Double-Bit Axe
19:27 Castle Age
17:38 Gold Mining
18:14 Bloodlines
20:43 Husbandry
20:58 Forging
20:54 Scale Barding Armor
21:08 Bow Saw
21:06 Heavy Plow
25:27 Town Watch
28:35 Imperial Age
26:46 Wheelbarrow
27:56 Crossbowman
29:56 Murder Holes
30:22 Ballistics
31:02 Chemistry
30:53 Thumb Ring
30:59 Heavy Camel Rider
32:45 Kamandaran
32:52 Padded Archer Armor
32:43 Fletching
33:43 Cavalier
34:24 Bodkin Arrow
34:45 Leather Archer Armor
35:06 Iron Casting
36:09 Masonry
39:03 Two-Man Saw
39:26 Ring Archer Armor
43:43 Citadels
SekErkek
12:11 Feudal Age
16:27 Castle Age
15:06 Double-Bit Axe
15:32 Stone Mining
15:39 Horse Collar
16:08 Gold Mining
19:56 Wheelbarrow
22:13 Loom
22:46 Hand Cart
24:35 Padded Archer Armor
24:25 Fletching
24:52 Fletching
25:53 Gold Mining
26:16 Bow Saw
27:14 Leather Archer Armor
29:06 Thumb Ring
31:37 Imperial Age
30:21 Thumb Ring
30:24 Heavy Plow
32:12 Bodkin Arrow
34:49 Ring Archer Armor
34:35 Siphons
34:58 Ballistics
35:46 Gold Shaft Mining
37:45 Bracer
38:57 Two-Man Saw
39:20 Bloodlines
39:12 Husbandry
39:21 Husbandry
39:34 Scale Barding Armor
39:40 Forging
Connection lost

Rejoining the realm…

Still unreachable

The connection could not be restored.

Session expired

The server has moved on; the page needs a fresh start.